 Dungeon Crawl Stone Soup version 0.23.2-1-ga50397a6bc (webtiles) character file.

Game seed: 5479154035765205067

3368 Elric the Cleaver (level 9, -11/85 HPs)
             Began as a Deep Dwarf Fighter on May 7, 2019.
             Was a Follower of Makhleb.
             Mangled by a yak (37 damage)
             ... on level 8 of the Dungeon.
             The game lasted 00:08:08 (7011 turns).

Elric the Cleaver (Deep Dwarf Fighter)              Turns: 7011, Time: 00:08:09

Health: -11/85     AC: 12    Str: 23    XL:     9   Next: 73%
Magic:  8/8        EV:  4    Int:  9    God:    Makhleb [*.....]
Gold:   308        SH:  0    Dex: 17    Spells: 8/8 levels left

rFire    + . .     SeeInvis .   a - +0 war axe
rCold    . . .     Gourm    .   p - +2 large shield
rNeg     . . .     Faith    .   o - +0 chain mail
rPois    .         Spirit   .   (no helmet)
rElec    .         Reflect  .   (no cloak)
rCorr    .         Harm     .   (no gloves)
MR       +....                  y - +0 pair of boots
Stlth    ..........             r - amulet of rage
HPRegen  0.00/turn              g - ring of protection from fire
MPRegen  0.11/turn              k - +5 ring of dexterity

@: sleeping, non-regenerating
A: damage resistance, heal wounds, sense surroundings 2, no regeneration
a: Heal Wounds, Renounce Religion, Evoke Berserk Rage


You were on level 8 of the Dungeon.
You worshipped Makhleb.
Makhleb was aware of your devotion.
You were hungry.

You visited 1 branch of the dungeon, and saw 8 of its levels.

You collected 308 gold pieces.

Inventory:

Hand Weapons
 a - a +0 war axe (weapon)
Armour
 o - a +0 chain mail (worn)
 p - a +2 large shield (worn)
 y - a +0 pair of boots (worn)
Jewellery
 g - a ring of protection from fire (left hand)
 h - a +2 ring of evasion {unknown}
 k - a +5 ring of dexterity (right hand)
 r - an amulet of rage (around neck)
Wands
 l - a wand of random effects (14)
 q - a wand of paralysis (6)
Scrolls
 c - 2 scrolls of enchant armour {unknown}
 i - 3 scrolls of teleportation {unknown}
 m - 3 scrolls of identify
 t - 2 scrolls of immolation {unknown}
 v - a scroll of blinking {unknown}
 x - 2 scrolls of enchant weapon {unknown}
 z - a scroll of remove curse
 B - a scroll of amnesia
Potions
 b - 2 potions of degeneration {unknown}
 d - 2 potions of might
 e - a potion of flight {unknown}
 j - 2 potions of curing {unknown}
 n - 2 potions of heal wounds {unknown}
 s - a potion of resistance {unknown}
 u - 2 potions of brilliance {unknown}
 w - a potion of agility {unknown}
 A - a potion of lignification {unknown}
Comestibles
 f - 16 rations


   Skills:
 + Level 6.5 Fighting
 * Level 9.0 Axes
 + Level 7.9 Armour
 + Level 7.9 Shields


You had 8 spell levels left.
You didn't know any spells.
Your spell library contained the following spells:

 Spells                   Type           Power        Failure   Level  Hunger
 Beastly Appendage        Tmut           #.....       100%        1    ##.....
 Flame Tongue             Conj/Fire      #....        100%        1    ##.....
 Sticks to Snakes         Tmut           #.......     100%        2    ###....
 Throw Flame              Conj/Fire      #.....       100%        2    ###....
 Conjure Flame            Conj/Fire      #.......     100%        3    ####...
 Inner Flame              Hex/Fire       #.......     100%        3    ####...
 Spider Form              Tmut/Pois      #.........   100%        3    ####...
 Ice Form                 Ice/Tmut       #.......     100%        4    #####..
 Sticky Flame             Conj/Fire      #.......     100%        4    #####..
 Blade Hands              Tmut           #.........   100%        5    ######.
 Fireball                 Conj/Fire      #.........   100%        5    ######.


Dungeon Overview and Level Annotations

Branches:
Dungeon (8/15)             Temple (0/1) D:7
   Lair: D:8-11

Altars:
Ashenzari
Cheibriados
Dithmenos
Fedhas
Gozag
Makhleb
Nemelex Xobeh
Okawaru
Sif Muna
The Shining One

Shops:
D:4 (   D:6 }

Annotations:
D:7 2 transporters
D:8 Maurice


Innate Abilities, Weirdness & Mutations

You are resistant to damage.
You can heal yourself by infusing magical energy.
You passively map the area around you.
You do not regenerate.


Message History

You block the big kobold's attack.
Unknown command.
You hit the big kobold.
The big kobold is severely wounded.
You block the big kobold's attack.
Unknown command.
You slash the big kobold!
You kill the big kobold!
Makhleb accepts your kill.
Unknown command.
You hit the yak.
The yak is lightly wounded.
You block the yak's attack.
Unknown command.
You hit the yak.
The yak is lightly wounded.
The dream sheep shake their wool and sparkle.
You feel drowsy...
You fall asleep.
The yak gores you!!!
You die...

........#.########### #.#
##.##..##......>....# #.#
##...#############.# ##.#
##### ####### #.#
#######..( +.P≈PP# #.#
##......... * ,#≈≈≈≈P# #$#
#.###.##... +##P≈P.≈# #.#
#.# #...... ,
*..#.....#####.#
#.###.##### * ,
..'%...YYY@...# ##...## *,
..'$%P.Y####### #####
%.'..%.≈# ############
%.#.....# #........... ,,
######### #.#########. **
#.# #.# #.# #. , #.#
#.#########.#########. ,
#.# #..........÷........#.
*
#.###..########.#######.##


You could see 2 yaks and 2 dream sheep.

Vanquished Creatures
  A two-headed ogre (D:7)
  Sigmund (D:4)
  An orc warrior (D:8)
  A phantom (D:8)
  3 ice beasts
  An ogre (D:8)
  A centaur (D:8)
  3 bullfrogs
  2 big kobolds (D:8)
  2 scorpions
  3 wights (D:7)
  A howler monkey (D:5)
  3 crimson imps (D:5)
  A quasit (D:6)
  3 bullfrog zombies
  5 orc priests
  A bullfrog skeleton (D:4)
  4 hounds
  9 orc wizards
  An iguana (D:8)
  Terence (D:2)
  5 worker ants
  A hound zombie (D:5)
  A worker ant zombie (D:5)
  11 gnolls
  A howler monkey skeleton (D:4)
  13 adders
  A shadow imp (D:5)
  An ooze (D:3)
  2 adder skeletons (D:4)
  4 worms (D:3)
  3 dart slugs
  3 leopard geckos
  31 orcs
  4 bats
  4 giant cockroaches
  6 hobgoblins
  17 jackals
  5 quokkas
  5 frilled lizards
  6 goblins
  5 kobolds
  2 leopard gecko skeletons (D:4)
  5 rats
184 creatures vanquished.

Notes
Turn   | Place    | Note
-------+----------+-------------------------------------------
     0 | D:1      | Elric the Deep Dwarf Fighter began the quest for the Orb.
     0 | D:1      | Reached XP level 1. HP: 20/20 MP: 1/1
   379 | D:1      | Reached XP level 2. HP: 24/27 MP: 2/2
   767 | D:2      | Reached XP level 3. HP: 30/34 MP: 3/3
   811 | D:2      | Noticed Terence
   817 | D:2      | Killed Terence
   817 | D:2      | Reached skill level 3 in Axes
   965 | D:2      | Reached XP level 4. HP: 27/42 MP: 4/4
  1611 | D:3      | Reached XP level 5. HP: 32/49 MP: 5/5
  2367 | D:4      | Noticed Sigmund
  2374 | D:4      | Killed Sigmund
  2374 | D:4      | Reached skill level 4 in Axes
  2374 | D:4      | Reached skill level 5 in Armour
  2374 | D:4      | Reached XP level 6. HP: 28/57 MP: 6/6
  2391 | D:4      | Reached skill level 5 in Shields
  2400 | D:4      | Found an iron altar of Okawaru.
  2478 | D:4      | Reached XP level 7. HP: 27/64 MP: 7/7
  2494 | D:4      | Found a shattered altar of Ashenzari.
  2555 | D:4      | Found Curo's Weapon Emporium.
  2706 | D:4      | Found a shadowy altar of Dithmenos.
  2958 | D:4      | Reached skill level 5 in Axes
  3411 | D:5      | Entered Level 5 of the Dungeon
  3503 | D:5      | Reached XP level 8. HP: 48/73 MP: 8/8
  3515 | D:5      | Reached skill level 5 in Fighting
  3726 | D:5      | Found a burning altar of Makhleb.
  3734 | D:5      | Found a glowing golden altar of the Shining One.
  3740 | D:5      | Became a worshipper of Makhleb the Destroyer
  3749 | D:5      | Found a deep blue altar of Sif Muna.
  4002 | D:5      | Found a snail-covered altar of Cheibriados.
  4463 | D:6      | Reached skill level 6 in Axes
  4760 | D:6      | Found Fucvod's Gadget Boutique.
  5080 | D:6      | Found a sparkling altar of Nemelex Xobeh.
  5081 | D:6      | Found an opulent altar of Gozag.
  5552 | D:7      | Found a blossoming altar of Fedhas.
  5553 | D:7      | Reached skill level 7 in Axes
  5638 | D:7      | Noticed a two-headed ogre
  5648 | D:7      | Reached * piety under Makhleb
  5655 | D:7      | Killed a two-headed ogre
  5655 | D:7      | Gained mutation: You passively map the area around you.
                  | [Deep Dwarf growth]
  5655 | D:7      | Reached XP level 9. HP: 27/82 MP: 8/8
  5660 | D:7      | Found a staircase to the Ecumenical Temple.
  5850 | D:7      | Reached skill level 8 in Axes
  5883 | D:7      | Found a transporter.
  5885 | D:7      | Noticed a queen bee
  5890 | D:7      | Found a transporter.
  6544 | D:8      | Noticed Maurice
  6997 | D:8      | Reached skill level 9 in Axes
  7011 | D:8      | Mangled by a yak

Skill      XL: |  1  2  3  4  5  6  7  8  9 |
---------------+----------------------------+-----
Fighting       | 3 4 6 |  6.5
Axes           | 3 4 5 7 9 |  9.0
Armour         | 4 5 6 7 |  7.9
Shields        | 4 5 6 7 |  7.9

Action                   |  1- 3 |  4- 6 |  7- 9 || total
-------------------------+-------+-------+-------++-------
Melee: War axe           |    97 |   160 |   457 ||   714
 Abil: Heal Wounds       |       |     2 |     8 ||    10
       Evoke Berserk Rag |       |       |     1 ||     1
  Use: Scroll            |       |     4 |       ||     4
  Eat: Chunk             |       |     5 |    16 ||    21
Armor: Scale mail        |    49 |       |       ||    49
       Chain mail        |     7 |    70 |   184 ||   261
Dodge: Dodged            |    41 |    28 |    55 ||   124
Block: Shield            |    76 |    39 |       ||   115
       Large shield      |       |    96 |   449 ||   545
